 Dungeon Crawl Stone Soup version 0.29.1-15-g9cfb28693d (webtiles) character file.

Game seed: 13036083212417512037

120 LLlMATKO the Trooper (level 4, -3/57 (61) HPs)
             Began as a Minotaur Berserker on Apr 2, 2023.
             Was a Believer of Trog.
             Slain by a wight
             ... wielding a +1 great sword of freezing
              (4 damage)
             ... on level 4 of the Dungeon.
             The game lasted 00:02:55 (2595 turns).

LLlMATKO the Trooper (Minotaur Berserker)           Turns: 2595, Time: 00:02:56

HP:   -3/57 (61)    AC:  7    Str: 23    XL:     4   Next: 75%
MP:   3/3           EV: 12    Int:  4    God:    Trog [**....]
Gold: 154           SH:  0    Dex: 13    Spells: 3/3 levels left

rFire   . . .      SeeInvis .   a - +1 hand axe (vorpal)
rCold   . . .      Faith    .   (no shield)
rNeg    . . .      Spirit   .   i - +2 ring mail "Cinamenn" {Dex+3}
rPois   .          Reflect  .   (helmet restricted)
rElec   .          Harm     .   (no cloak)
rCorr   .          Rampage  .   (no gloves)
Will    .....                   (no boots)
Stlth   ..........              (no amulet)
HPRegen 0.19/turn               (no ring)
MPRegen 0.08/turn               (no ring)

@: berserking, drained, very quick
A: horns 2, retaliatory headbutt
a: Renounce Religion, Berserk, Trog's Hand


You were on level 4 of the Dungeon.
You worshipped Trog.
Trog was pleased with you.
You visited 1 branch of the dungeon, and saw 4 of its levels.

You collected 154 gold pieces.

Inventory:

Hand Weapons
 a - a +1 vorpal hand axe (weapon)
 m - a +0 short sword of flaming
 t - the +6 spear "Isodufeleo" {elec, Str+4 Int+3}
   (You found it on level 3 of the Dungeon)

   It occasionally discharges a powerful burst of electricity upon striking a
   foe.
   Str:       It affects your strength (+4).
   Int:       It affects your intelligence (+3).
Missiles
 f - 3 atropa-tipped darts (quivered)
 j - 4 poisoned darts
 n - 2 javelins
Armour
 i - the +2 ring mail "Cinamenn" (worn) {Dex+3}
   (You found it on level 2 of the Dungeon)

   Dex:       It affects your dexterity (+3).
Jewellery
 b - a ring of poison resistance
Wands
 r - a wand of quicksilver (5)
Scrolls
 e - a scroll of identify
 s - 3 scrolls of noise {unknown}
Potions
 c - a potion of heal wounds
 g - a potion of brilliance {unknown}
 k - a potion of experience {unknown}
 o - a potion of berserk rage


   Skills:
 + Level 4.6 Fighting
 + Level 4.5 Axes
 + Level 3.6 Armour
 + Level 3.3 Dodging


You had 3 spell levels left.
You didn't know any spells.
Your spell library was empty.

Dungeon Overview and Level Annotations

Branches:
Dungeon (4/15)             Temple (0/1) D:4

Altars:
Nemelex Xobeh
Qazlal
Uskayaw
Yredelemnul

Shops:
D:4 (


Innate Abilities, Weirdness & Mutations

You have a pair of horns on your head.
You reflexively headbutt those who attack you in melee.


Message History

There is a stone staircase leading down here.
You climb downwards.
You hear the hiss of flowing sand.
There is an entrance to an ossuary on this level.
Hurry and find it before the portal is buried!
Found a green potion and a scroll labelled YRIUKK ELAAF.
Found a stone staircase leading down.
There is a stone staircase leading up here.
A red film seems to cover your vision as you go berserk!
You feel yourself moving faster!
You feel mighty! The giant cockroach misses you. You furiously retaliate!
You headbutt the giant cockroach!
You kill the giant cockroach!
Trog accepts your kill. The ball python closely misses you.
The ball python barely misses you. x3
You hit the wight.
The wight is lightly damaged.
You slash the ball python!
You kill the ball python!
Trog accepts your kill.
You hit the wight.
You hear the slow hiss of an avalanche of sand nearby.
The wight hits you with a +6 war axe of freezing!
You feel drained. The wight freezes you. The wight closely misses you.
You furiously retaliate!
You headbutt the wight. You hit the wight. Your headbutt misses the wight.
The wight is heavily damaged.
You hit the wight. x2
Unknown command.
You hit the wight.
The wight is heavily damaged.
You closely miss the wight. You slash the wight!
The wight hits you with a +6 war axe of freezing!
The wight freezes you.
* * * LOW HITPOINT WARNING * * *
The wight hits you with a +1 great sword of freezing!
* * * LOW HITPOINT WARNING * * *
You feel drained.
* * * LOW HITPOINT WARNING * * *
The wight freezes you.
You die...

**,**,,** *,,##*,,,...,,*
*,,***,,****,,#.,,,...,,,*
,,** **,,,**,,>.*,,..,,,,*
,********,**,*,.##..******
,,,,,****,**,*,..#.#*
****,,,,*.,,,*,#.#.# *
***,,,...,,,#...# *
*,,*###..##<..#
**,,,.......@#.#
**,,**#####!zzz.#*********
**,,** *#........,,,,,,*
*,,** #...##......,,,,*
*,** *#...,,......,<,,*
*,* *..##*,......,,,,*
***,* #.#* *,,.?...,,,,**
,,,,* #.* *,,.....,,,,,*
***** *,* *,,,**,*****,*


You could see 3 wights.

Vanquished Creatures
  3 gnolls (D:2)
  2 adders (D:2)
  A worm (D:3)
  3 dart slugs
  2 orcs (D:3)
  5 ball pythons
  2 bats
  5 endoplasms
  5 giant cockroaches
  5 goblins
  2 hobgoblins
  5 jackals
  7 kobolds
  A quokka (D:1)
  6 frilled lizards
  6 rats
60 creatures vanquished.

Notes
Turn   | Place    | Note
-------+----------+-------------------------------------------
     0 | D:1      | LLlMATKO the Minotaur Berserker began the quest for the
                  | Orb.
     0 | D:1      | Reached XP level 1. HP: 19/19 MP: 0/0
   233 | D:1      | Reached XP level 2. HP: 20/27 MP: 1/1
   324 | D:1      | Found a faded altar of an unknown god.
   324 | D:1      | Noticed a shining eye
   327 | D:1      | Noticed a floating eye
   329 | D:1      | Noticed a shining eye
   329 | D:1      | Noticed a floating eye
   899 | D:2      | Found a hide-covered altar of Uskayaw.
   955 | D:2      | Reached XP level 3. HP: 22/33 MP: 2/2
  1239 | D:2      | Identified the +2 ring mail "Cinamenn" {Dex+3}
  1273 | D:2      | Reached XP level 4. HP: 14/41 MP: 3/3
  1585 | D:2      | Reached ** piety under Trog
  2100 | D:3      | Found a stormy altar of Qazlal.
  2192 | D:3      | Identified the +6 spear "Isodufeleo" {elec, Str+4 Int+3}
  2340 | D:3      | Found a basalt altar of Yredelemnul.
  2340 | D:3      | Found a sparkling altar of Nemelex Xobeh.
  2543 | D:4      | Found Kemuf's Weapon Shoppe.
  2543 | D:4      | Found a staircase to the Ecumenical Temple.
  2595 | D:4      | HP: 1/57 [wight/+1 great sword of freezing (4)]
  2595 | D:4      | Slain by a wight

Illustrated notes

Levels and vault maps discovered:
D:1:      arrival_zaba_pyramid, layout_loops_ring,
          hellmonk_ecumenical_altar_watching_god, serial_bayou_pond_d,
          minmay_misc_feat_encased, st_stairs_7, minmay_misc_feat_nine_boxes
D:2:      layout_basic, basic_altar
D:3:      layout_rooms, nicolae_qazlal_eye_of_the_storm,
          gammafunk_temple_overflow_statue, kennysheep_big_empty_room
D:4:      layout_rooms, minmay_temple_entry_large_hall, enter_ossuary_2,
          serial_shops, nicolae_shop_advertising_works
          [nicolae_subvault_shop_adworks]

Skill      XL: |  1  2  3 |
---------------+----------+-----
Axes           | 4 |  4.5
Fighting       | 4 |  4.6
Armour         | 3 |  3.6
Dodging        | 3 |  3.3

Action                   |  1- 3 |  4- 6 || total
-------------------------+-------+-------++-------
Melee: Hand axe          |    74 |    44 ||   118
       Headbutt          |     9 |    10 ||    19
       Punch             |       |     1 ||     1
Invok: Berserk           |     1 |     1 ||     2
  Use: Scroll            |       |     6 ||     6
Armor: Animal skin       |     9 |       ||     9
       Ring mail         |     1 |    12 ||    13
Dodge: Dodged            |    39 |    27 ||    66
